cohdb
Replays
Latest Replays
All Replays
Popular Replays
Top Player Replays
Match Explorer
How It Works
Community
CoH3 Stats
Reddit
Sign in to upload your games and track your stats! →
Sign in with Steam
Match 41612537
Unlisted
Match 41612537
Overview
Messages
Build Orders
End
Construct Infanterie Kompanie
Grenadier Squad
Selects Terror Battlegroup
Selects Machine Gun Camouflage
MG 42 Machine Gun Team
MG 42 Machine Gun Team
Grenadier Squad
Construct Luftwaffe Kompanie
Jäger Squad
Jäger Squad
Support Elements
Pioneer Squad
Wirbelwind Flakpanzer
Medical Bunker
Selects No Quarter
Wirbelwind Flakpanzer
Side Skirts
Marder III M Tank Destroyer
Nuclear Viking
High Voltage
ASV
BorzoiWitcher
Pablito
<Scippio>
IronPixie
Zaadschieter
0
0
Comments
sign in to comment!
No comments posted yet!